Oilers vs Kings

Created - 1 février 2022 at 16:57

Goals
1 2 3 T
Oilers 0 0 0 0
Kings 1 1 2 4
Shots
1 2 3 T
Oilers 6 11 6 23
Kings 11 10 20 41

GoalsPenalties
1st period
1. Kings , Zach Werenski 8 (Teddy Blueger 21, Brock Boeser 34) at 10:29 (PP)
Tomas Tatar (EDM) for Roughing (Minor) at 9:17
Shea Weber (LOS) for Tripping (Minor) at 18:16
Tyler Motte (EDM) for Holding Stick (Minor) at 18:16
2nd period
2. Kings , Scott Mayfield 6 (Yanni Gourde 15, Zdeno Chara 22) at 3:51
Kyle Connor (LOS) for Interference (Minor) at 6:15
Mark Giordano (EDM) for Hooking (Minor) at 12:04
3rd period
3. Kings , Zach Werenski 9 (Johnny Gaudreau 26, William Karlsson 30) at 9:29 (PP)
4. Kings , Pierre-Edouard Bellemare 11 (Andy Greene 16, Teddy Blueger 22) at 11:50
Casey Cizikas (EDM) for Slashing (Minor) at 7:41
Goalie Stats
Connor Hellebuyck (EDM), 37 saves from 41 shots - (0,902), L, 23-11-5, 60:00 minutes
Jordan Binnington (LOS), 23 saves from 23 shots - (1,000), W, 25-10-4, 60:00 minutes
3 StarsOfficial
1 - Jordan Binnington (LOS)
2 - Zach Werenski (LOS)
3 - Scott Mayfield (LOS)
Referees : Steve Kozari and Tom Chmielewski
Linesman : Lonnie Cameron and Pierre Racicot
Game Note
No Game Note



Team Name Goals Shots Shots Attemp Shots Blocked PIM HIT PP PK FO%
Oilers 02344128180 / 1 (0%)243%
Kings 4419054162 / 3 (67%)057%

Oilers
Player Name POS G A P +/- PIM HIT SHT SB MP PP MP PP SHT PK MP PK SHT FO% FOT
Alex IafalloC/LW000-1002119:131:1112:30050% 2
Brian DumoulinD0000000017:270:0002:4000% 0
Casey CizikasC000023008:360:0001:38050% 14
Christian DvorakC/LW0000004012:020:0000:00045% 11
Devin ShoreC/LW000000006:590:0000:0000% 1
Joe PavelskiC/RW000-1002017:401:1100:00046% 24
John TavaresC000-1023118:200:4800:00041% 27
Jordan EberleRW0000000012:020:0000:0000% 2
Justin FaulkD000-1010022:561:1102:2900% 0
Keith YandleD000-1000219:470:4800:0000% 0
Kevin HayesC/RW000-1046219:060:4810:51033% 3
Logan CoutureC/LW000-1001020:500:4802:30050% 6
Mark GiordanoD000-1220522:170:4801:3400% 0
Mike ReillyD0000020014:150:0000:3000% 0
Robby FabbriC/LW/RW000000106:590:0000:0000% 0
Ryan PulockD000-1031123:171:1112:4500% 0
Tomas TatarLW/RW000-1213016:421:1100:0000% 1
Tyler MotteC/LW/RW0000200014:300:0002:29050% 2
Kings
Player Name POS G A P +/- PIM HIT SHT SB MP PP MP PP SHT PK MP PK SHT FO% FOT
Andy GreeneD0111002014:220:3411:2600% 0
Brock BoeserRW0110017020:422:2400:000100% 1
Brock McGinnLW/RW000000107:490:0001:2700% 0
Corey PerryLW/RW000101109:360:3400:000100% 1
David KampfC/LW/RW000000006:540:0000:32073% 11
Derek ForbortD0001030113:430:0000:3300% 0
Johnny GaudreauLW/RW0111021021:162:2900:000100% 1
Kyle ConnorLW0000213021:252:3520:0000% 0
Pierre-Edouard BellemareC1011002010:290:0001:27050% 2
Ryan CarpenterC/RW000000206:220:0000:0000% 0
Scott MayfieldD1011004022:272:1021:2600% 0
Shea WeberD0000222222:112:1010:0000% 0
Tanner PearsonLW/RW0001002019:541:5000:0000% 1
Teddy BluegerC/LW0221001011:262:2400:00070% 10
William KarlssonC0110024021:582:3510:32060% 42
Yanni GourdeC/LW/RW0111023018:100:0600:00038% 24
Zach WerenskiD2020003124:432:1520:0000% 0
Zdeno CharaD0111023122:332:4920:3300% 0

Oilers

5 vs 5 Forward
Line #Left WingCenterRight WingPHYDFOFWanted %Time %Time Play
1Logan CoutureJohn TavaresKevin Hayes0323232%16:30
2Alex IafalloJoe PavelskiTomas Tatar0323030%15:32
3Tyler MotteChristian DvorakJordan Eberle0412324%12:02
4Devin ShoreCasey CizikasRobby Fabbri1311514%6:59
5 vs 5 Defense
Line #DefenseDefensePHYDFOFWanted %Time %Time Play
1Justin FaulkRyan Pulock0323836%18:19
2Keith YandleMark Giordano0323837%18:59
3Brian DumoulinMike Reilly0412427%13:45
4Keith YandleMark Giordano13100%0:00
Power Play Forward
Line #Left WingCenterRight WingPHYDFOFWanted %Time %Time Play
1Logan CoutureJohn TavaresKevin Hayes0325040%0:48
2Alex IafalloJoe PavelskiTomas Tatar0325060%1:11
Power Play Defense
Line #DefenseDefensePHYDFOFWanted %Time %Time Play
1Justin FaulkRyan Pulock0325060%1:11
2Keith YandleMark Giordano0325040%0:48
Penalty Kill 4 Players Forward
Line #CenterWingPHYDFOFWanted %Time %Time Play
1Casey CizikasTyler Motte1225050%2:29
2Logan CoutureAlex Iafallo0325050%2:30
Penalty Kill 4 Players Defense
Line #DefenseDefensePHYDFOFWanted %Time %Time Play
1Mark GiordanoBrian Dumoulin1225056%2:48
2Ryan PulockJustin Faulk0325044%2:11
Penalty Kill 3 Players
Line #WingPHYDFOFWanted %Time %Time PlayDefenseDefensePHYDFOFWanted %Time %Time Play
1Casey Cizikas122500%0:00 Mark GiordanoBrian Dumoulin122500%0:00
2Logan Couture122500%0:00 Justin FaulkRyan Pulock122500%0:00
4 vs 4 Forward
Line #CenterWingPHYDFOFWanted %Time %Time Play
1John TavaresLogan Couture1225052%1:02
2Joe PavelskiKevin Hayes1225048%0:57
4 vs 4 Defense
Line #DefensePHYDFOFWanted %Time %Time Play
1Mark GiordanoJustin Faulk1225048%50% - 0:57
2Ryan PulockBrian Dumoulin1225052%50% - 1:02
Last Minutes Offensive
Left WingCenterRight WingDefenseDefense
Logan CoutureJohn TavaresTomas TatarMark GiordanoJustin Faulk
Last Minutes Defensive
Left WingCenterRight WingDefenseDefense
Logan CoutureCasey CizikasTyler MotteMark GiordanoBrian Dumoulin
Time
Total ForwardTotal DefenseLast Minutes OffensiveLast Minutes Defensive
60:00 60:00 0:000:00
Extra Forwards
Normal PowerPlayPenalty Kill
John Tavares, Tomas Tatar, Tyler MotteKevin Hayes, Tomas TatarTyler Motte
Extra Defensemen
Normal PowerPlayPenalty Kill
Mark Giordano, Ryan Pulock, Brian DumoulinMark Giordano, Ryan PulockBrian Dumoulin
Penalty Shots
Tomas Tatar, John Tavares, Jordan Eberle, Logan Couture, Robby Fabbri
Goalie
Connor Hellebuyck, Craig Anderson
Custom OT Lines Forwards
Logan Couture, John Tavares, Kevin Hayes, Joe Pavelski, Christian Dvorak, Alex Iafallo, Tomas Tatar, Tyler Motte, Robby Fabbri, Jordan Eberle
Custom OT Lines Defensemen
Mark Giordano, Justin Faulk, Ryan Pulock, Brian Dumoulin, Mike Reilly
Scratches
Vinnie Hinostroza (Healthy), Kevin Labanc (Healthy), Anton Stralman (Healthy)

Kings

5 vs 5 Forward
Line #Left WingCenterRight WingPHYDFOFWanted %Time %Time Play
1Kyle ConnorWilliam KarlssonBrock Boeser0233934%17:35
2Johnny GaudreauYanni GourdeTanner Pearson0233735%18:04
3Pierre-Edouard BellemareTeddy BluegerCorey Perry1221418%9:02
4Brock McGinnDavid KampfRyan Carpenter2211012%6:22
5 vs 5 Defense
Line #DefenseDefensePHYDFOFWanted %Time %Time Play
1Zach WerenskiShea Weber1224339%20:02
2Scott MayfieldZdeno Chara1313635%17:51
3Derek ForbortAndy Greene1402124%12:22
4Zach WerenskiDerek Forbort04102%0:48
Power Play Forward
Line #Left WingCenterRight WingPHYDFOFWanted %Time %Time Play
1Johnny GaudreauWilliam KarlssonKyle Connor0145052%2:35
2Tanner PearsonTeddy BluegerBrock Boeser0145048%2:24
Power Play Defense
Line #DefenseDefensePHYDFOFWanted %Time %Time Play
1Zach WerenskiZdeno Chara0235557%2:49
2Shea WeberScott Mayfield0234543%2:10
Penalty Kill 4 Players Forward
Line #CenterWingPHYDFOFWanted %Time %Time Play
1William KarlssonDavid Kampf1405027%0:32
2Pierre-Edouard BellemareBrock McGinn1405073%1:27
Penalty Kill 4 Players Defense
Line #DefenseDefensePHYDFOFWanted %Time %Time Play
1Derek ForbortZdeno Chara1405028%0:33
2Andy GreeneScott Mayfield1405072%1:26
Penalty Kill 3 Players
Line #WingPHYDFOFWanted %Time %Time PlayDefenseDefensePHYDFOFWanted %Time %Time Play
1Pierre-Edouard Bellemare050500%0:00 Scott MayfieldShea Weber140500%0:00
2David Kampf050500%0:00 Derek ForbortAndy Greene140500%0:00
4 vs 4 Forward
Line #CenterWingPHYDFOFWanted %Time %Time Play
1William KarlssonKyle Connor0235564%1:16
2Brock BoeserJohnny Gaudreau0234536%0:43
4 vs 4 Defense
Line #DefensePHYDFOFWanted %Time %Time Play
1Zach WerenskiZdeno Chara0325050%50% - 0:59
2Scott MayfieldShea Weber0325050%50% - 1:00
Last Minutes Offensive
Left WingCenterRight WingDefenseDefense
Johnny GaudreauWilliam KarlssonKyle ConnorBrock BoeserZach Werenski
Last Minutes Defensive
Left WingCenterRight WingDefenseDefense
Brock McGinnPierre-Edouard BellemareTeddy BluegerScott MayfieldShea Weber
Time
Total ForwardTotal DefenseLast Minutes OffensiveLast Minutes Defensive
60:00 60:00 0:000:00
Extra Forwards
Normal PowerPlayPenalty Kill
Johnny Gaudreau, Brock Boeser, Kyle ConnorYanni Gourde, Corey PerryRyan Carpenter
Extra Defensemen
Normal PowerPlayPenalty Kill
Zach Werenski, Shea Weber, Scott MayfieldZdeno Chara, Zach WerenskiZdeno Chara
Penalty Shots
William Karlsson, Johnny Gaudreau, Kyle Connor, Brock Boeser, Zach Werenski
Goalie
Jordan Binnington, Michael Hutchinson
Custom OT Lines Forwards
William Karlsson, Kyle Connor, Johnny Gaudreau, Brock Boeser, Tanner Pearson, Teddy Blueger, Yanni Gourde, Pierre-Edouard Bellemare, Corey Perry, Ryan Carpenter
Custom OT Lines Defensemen
Zach Werenski, Shea Weber, Scott Mayfield, Zdeno Chara, Derek Forbort
Scratches
Niko Mikkola (Healthy), Jarred Tinordi (Healthy), Dylan McIlrath (Healthy)


Play-by-Play

1st period


0:01 of 1st period - Kevin Hayes wins face-off versus William Karlsson in neutral zone.
0:16 of 1st period - Icing by Logan Couture.
0:17 of 1st period - John Tavares wins face-off versus Yanni Gourde in Oilers zone.
0:50 of 1st period - Shot by Kevin Hayes.
0:50 of 1st period - Stopped by Jordan Binnington with a rebound.
0:52 of 1st period - Shot by Logan Couture.
0:52 of 1st period - Shot Misses the Net.
0:54 of 1st period - Shot by Justin Faulk.
0:54 of 1st period - Shot Misses the Net.
1:44 of 1st period - Joe Pavelski is hit by Corey Perry and loses puck.
2:35 of 1st period - Shot by Christian Dvorak.
2:35 of 1st period - Stopped by Jordan Binnington without a rebound.
2:36 of 1st period - Casey Cizikas wins face-off versus David Kampf in Kings zone.
2:40 of 1st period - Icing by Scott Mayfield.
2:41 of 1st period - David Kampf wins face-off versus Casey Cizikas in Kings zone.
3:08 of 1st period - Off-side.
3:09 of 1st period - Christian Dvorak wins face-off versus Yanni Gourde in neutral zone.
3:32 of 1st period - Shot by Shea Weber.
3:32 of 1st period - Shot Misses the Net.
4:25 of 1st period - Off-side.
4:26 of 1st period - William Karlsson wins face-off versus Joe Pavelski in neutral zone.
4:59 of 1st period - Tomas Tatar is hit by Zdeno Chara and loses puck.
5:44 of 1st period - Shot by John Tavares.
5:44 of 1st period - Shot Misses the Net.
5:57 of 1st period - Kevin Hayes is hit by Derek Forbort and loses puck.
6:19 of 1st period - Icing by Derek Forbort.
6:20 of 1st period - David Kampf wins face-off versus Casey Cizikas in Kings zone.
6:20 of 1st period - David Kampf is hit by Casey Cizikas.
6:59 of 1st period - Shot by Casey Cizikas.
6:59 of 1st period - Shot Misses the Net.
7:12 of 1st period - Icing by Brian Dumoulin.
7:13 of 1st period - Casey Cizikas wins face-off versus William Karlsson in Oilers zone.
7:47 of 1st period - Shot by Christian Dvorak.
7:47 of 1st period - Stopped by Jordan Binnington without a rebound.
7:48 of 1st period - Joe Pavelski wins face-off versus Yanni Gourde in Kings zone.
7:49 of 1st period - Shot by Alex Iafallo.
7:49 of 1st period - Stopped by Jordan Binnington without a rebound.
7:50 of 1st period - John Tavares wins face-off versus Yanni Gourde in Kings zone.
7:53 of 1st period - Shot by Kevin Hayes.
7:53 of 1st period - Shot Blocked by Shea Weber.
7:57 of 1st period - Shot by John Tavares.
7:57 of 1st period - Shot Blocked by Zach Werenski.
7:59 of 1st period - Shot by Logan Couture.
7:59 of 1st period - Shot Misses the Net.
8:01 of 1st period - Shot by Logan Couture.
8:01 of 1st period - Shot Misses the Net.
9:17 of 1st period - Minor Penalty to Tomas Tatar for Roughing.
9:18 of 1st period - Teddy Blueger wins face-off versus Casey Cizikas in Oilers zone.
9:21 of 1st period - Shot by Teddy Blueger.
9:21 of 1st period - Shot Misses the Net.
9:23 of 1st period - Shot by Teddy Blueger.
9:23 of 1st period - Shot Hit the Post.
9:25 of 1st period - Shot by Andy Greene.
9:25 of 1st period - Shot Hit the Post.
9:27 of 1st period - Shot by Andy Greene.
9:27 of 1st period - Shot Blocked by Mark Giordano.
9:29 of 1st period - Shot by Andy Greene.
9:29 of 1st period - Shot Misses the Net.
9:51 of 1st period - Shot by Andy Greene.
9:51 of 1st period - Stopped by Connor Hellebuyck without a rebound.
9:52 of 1st period - Logan Couture wins face-off versus William Karlsson in Oilers zone.
10:13 of 1st period - Shot by Johnny Gaudreau.
10:13 of 1st period - Shot Misses the Net.
10:17 of 1st period - Shot by William Karlsson.
10:17 of 1st period - Stopped by Connor Hellebuyck without a rebound.
10:18 of 1st period - Teddy Blueger wins face-off versus Logan Couture in Oilers zone.
10:25 of 1st period - Shot by Brock Boeser.
10:25 of 1st period - Shot Blocked by Alex Iafallo.
10:27 of 1st period - Shot by Teddy Blueger.
10:27 of 1st period - Shot Misses the Net.
10:29 of 1st period - Shot by Zach Werenski.
10:29 of 1st period - Goal by Zach Werenski - Oilers : 0 - Kings : 1.
10:30 of 1st period - David Kampf wins face-off versus Christian Dvorak in neutral zone.
10:44 of 1st period - Shot by David Kampf.
10:44 of 1st period - Deflect By Ryan Carpenter.
10:44 of 1st period - Shot Misses the Net.
10:46 of 1st period - Shot by Brock McGinn.
10:46 of 1st period - Stopped by Connor Hellebuyck without a rebound.
10:47 of 1st period - William Karlsson wins face-off versus Joe Pavelski in Oilers zone.
10:52 of 1st period - Shot by Brock Boeser.
10:52 of 1st period - Stopped by Connor Hellebuyck with a rebound.
10:54 of 1st period - Shot by William Karlsson.
10:54 of 1st period - Deflect By Brock Boeser.
10:54 of 1st period - Shot Hit the Post.
10:56 of 1st period - Shot by Zdeno Chara.
10:56 of 1st period - Shot Hit the Post.
10:58 of 1st period - Shot by Zdeno Chara.
10:58 of 1st period - Shot Misses the Net.
11:00 of 1st period - Shot by William Karlsson.
11:00 of 1st period - Shot Hit the Post.
11:22 of 1st period - Shot by William Karlsson.
11:22 of 1st period - Stopped by Connor Hellebuyck without a rebound.
11:23 of 1st period - Tyler Motte wins face-off versus Yanni Gourde in Oilers zone.
11:30 of 1st period - Shot by Jordan Eberle.
11:30 of 1st period - Shot Misses the Net.
11:36 of 1st period - Shot by Christian Dvorak.
11:36 of 1st period - Stopped by Jordan Binnington without a rebound.
11:37 of 1st period - Teddy Blueger wins face-off versus John Tavares in Kings zone.
11:52 of 1st period - Shot by Teddy Blueger.
11:52 of 1st period - Shot Misses the Net.
11:54 of 1st period - Shot by Teddy Blueger.
11:54 of 1st period - Shot Misses the Net.
13:33 of 1st period - Icing by William Karlsson.
13:34 of 1st period - Joe Pavelski wins face-off versus William Karlsson in Kings zone.
13:43 of 1st period - Shot by Kyle Connor.
13:43 of 1st period - Deflect By Brock Boeser.
13:43 of 1st period - Stopped by Connor Hellebuyck without a rebound.
13:44 of 1st period - Casey Cizikas wins face-off versus Yanni Gourde in Oilers zone.
13:59 of 1st period - Shot by Yanni Gourde.
13:59 of 1st period - Stopped by Connor Hellebuyck without a rebound.
14:00 of 1st period - Joe Pavelski wins face-off versus David Kampf in Oilers zone.
14:27 of 1st period - Shot by Ryan Carpenter.
14:27 of 1st period - Shot Misses the Net.
14:54 of 1st period - Brian Dumoulin is hit by Shea Weber and loses puck.
15:47 of 1st period - Shot by John Tavares.
15:47 of 1st period - Stopped by Jordan Binnington without a rebound.
15:48 of 1st period - Yanni Gourde wins face-off versus Casey Cizikas in Kings zone.
15:50 of 1st period - Johnny Gaudreau is hit by Casey Cizikas and loses puck.
17:01 of 1st period - Teddy Blueger is hit by Mark Giordano and loses puck.
17:53 of 1st period - Icing by Shea Weber.
17:54 of 1st period - William Karlsson wins face-off versus Joe Pavelski in Kings zone.
18:03 of 1st period - Shot by Brock Boeser.
18:03 of 1st period - Stopped by Connor Hellebuyck without a rebound.
18:04 of 1st period - Christian Dvorak wins face-off versus Yanni Gourde in Oilers zone.
18:16 of 1st period - Minor Penalty to Shea Weber for Tripping.
18:16 of 1st period - Minor Penalty to Tyler Motte for Holding Stick.
18:17 of 1st period - John Tavares wins face-off versus William Karlsson in Kings zone.
18:21 of 1st period - Icing by Zach Werenski.
18:22 of 1st period - Joe Pavelski wins face-off versus William Karlsson in Kings zone.
18:51 of 1st period - Shot by William Karlsson.
18:51 of 1st period - Shot Blocked by Kevin Hayes.
18:53 of 1st period - Shot by Scott Mayfield.
18:53 of 1st period - Stopped by Connor Hellebuyck with a rebound.
18:55 of 1st period - Shot by William Karlsson.
18:55 of 1st period - Stopped by Connor Hellebuyck without a rebound.
18:56 of 1st period - Johnny Gaudreau wins face-off versus John Tavares in Oilers zone.
Goals for this period are 0 for Oilers vs 1 for Kings.
Shots for this period are 6 for Oilers vs 11 for Kings.

2nd period


0:01 of 2nd period - Joe Pavelski wins face-off versus William Karlsson in neutral zone.
0:08 of 2nd period - Shot by Joe Pavelski.
0:08 of 2nd period - Stopped by Jordan Binnington without a rebound.
0:09 of 2nd period - William Karlsson wins face-off versus Joe Pavelski in Kings zone.
0:09 of 2nd period - Kyle Connor is hit by Kevin Hayes and loses puck.
0:39 of 2nd period - Johnny Gaudreau is hit by Mark Giordano and loses puck.
1:17 of 2nd period - Shot by Brock Boeser.
1:17 of 2nd period - Shot Blocked by Mark Giordano.
1:19 of 2nd period - Shot by Zach Werenski.
1:19 of 2nd period - Stopped by Connor Hellebuyck without a rebound.
1:20 of 2nd period - John Tavares wins face-off versus David Kampf in Oilers zone.
1:45 of 2nd period - Shot by Brock McGinn.
1:45 of 2nd period - Shot Misses the Net.
1:49 of 2nd period - Shot by Brock McGinn.
1:49 of 2nd period - Shot Blocked by Ryan Pulock.
1:51 of 2nd period - Shot by Ryan Carpenter.
1:51 of 2nd period - Stopped by Connor Hellebuyck without a rebound.
1:52 of 2nd period - Joe Pavelski wins face-off versus William Karlsson in Oilers zone.
1:52 of 2nd period - Brian Dumoulin is hit by Kyle Connor and loses puck.
1:57 of 2nd period - Shot by Brock Boeser.
1:57 of 2nd period - Stopped by Connor Hellebuyck without a rebound.
1:58 of 2nd period - Brock Boeser wins face-off versus Joe Pavelski in Oilers zone.
2:09 of 2nd period - Shot by Tomas Tatar.
2:09 of 2nd period - Stopped by Jordan Binnington without a rebound.
2:10 of 2nd period - John Tavares wins face-off versus Tanner Pearson in Kings zone.
2:15 of 2nd period - Icing by Zdeno Chara.
2:16 of 2nd period - John Tavares wins face-off versus Yanni Gourde in Kings zone.
2:25 of 2nd period - Shot by Kevin Hayes.
2:25 of 2nd period - Stopped by Jordan Binnington without a rebound.
2:26 of 2nd period - William Karlsson wins face-off versus Joe Pavelski in Kings zone.
3:38 of 2nd period - Mark Giordano is hit by Yanni Gourde and loses puck.
3:43 of 2nd period - Shot by Yanni Gourde.
3:43 of 2nd period - Shot Misses the Net.
3:45 of 2nd period - Shot by Zdeno Chara.
3:45 of 2nd period - Shot Blocked by Keith Yandle.
3:47 of 2nd period - Shot by Yanni Gourde.
3:47 of 2nd period - Shot Misses the Net.
3:49 of 2nd period - Shot by Scott Mayfield.
3:49 of 2nd period - Shot Blocked by Mark Giordano.
3:51 of 2nd period - Shot by Scott Mayfield.
3:51 of 2nd period - Goal by Scott Mayfield - Oilers : 0 - Kings : 2.
3:52 of 2nd period - John Tavares wins face-off versus Teddy Blueger in neutral zone.
4:25 of 2nd period - Shot by Kevin Hayes.
4:25 of 2nd period - Stopped by Jordan Binnington without a rebound.
4:26 of 2nd period - Casey Cizikas wins face-off versus William Karlsson in Kings zone.
4:33 of 2nd period - Shot by Robby Fabbri.
4:33 of 2nd period - Stopped by Jordan Binnington without a rebound.
4:34 of 2nd period - Casey Cizikas wins face-off versus William Karlsson in Kings zone.
4:51 of 2nd period - Shot by Kyle Connor.
4:51 of 2nd period - Shot Misses the Net.
4:53 of 2nd period - Shot by William Karlsson.
4:53 of 2nd period - Stopped by Connor Hellebuyck without a rebound.
4:54 of 2nd period - Yanni Gourde wins face-off versus John Tavares in Oilers zone.
5:23 of 2nd period - Shot by Logan Couture.
5:23 of 2nd period - Shot Misses the Net.
5:25 of 2nd period - Shot by Justin Faulk.
5:25 of 2nd period - Shot Misses the Net.
5:46 of 2nd period - Off-side.
5:47 of 2nd period - William Karlsson wins face-off versus Jordan Eberle in neutral zone.
6:15 of 2nd period - Minor Penalty to Kyle Connor for Interference.
6:16 of 2nd period - Joe Pavelski wins face-off versus Pierre-Edouard Bellemare in Kings zone.
6:17 of 2nd period - Shot by Alex Iafallo.
6:17 of 2nd period - Shot Misses the Net.
6:37 of 2nd period - Shot by Alex Iafallo.
6:37 of 2nd period - Stopped by Jordan Binnington without a rebound.
6:38 of 2nd period - David Kampf wins face-off versus John Tavares in Kings zone.
6:57 of 2nd period - Icing by Kevin Hayes.
6:58 of 2nd period - William Karlsson wins face-off versus John Tavares in Oilers zone.
7:02 of 2nd period - Icing by Mark Giordano.
7:03 of 2nd period - William Karlsson wins face-off versus John Tavares in Oilers zone.
7:20 of 2nd period - Shot by Kevin Hayes.
7:20 of 2nd period - Stopped by Jordan Binnington without a rebound.
7:21 of 2nd period - William Karlsson wins face-off versus Tomas Tatar in Kings zone.
7:57 of 2nd period - Shot by Ryan Pulock.
7:57 of 2nd period - Stopped by Jordan Binnington with a rebound.
8:16 of 2nd period - Icing by Logan Couture.
8:17 of 2nd period - William Karlsson wins face-off versus Christian Dvorak in Oilers zone.
8:23 of 2nd period - Icing by Brian Dumoulin.
8:24 of 2nd period - Christian Dvorak wins face-off versus William Karlsson in Oilers zone.
8:42 of 2nd period - Brian Dumoulin is hit by Brock Boeser and loses puck.
9:16 of 2nd period - Icing by Mike Reilly.
9:17 of 2nd period - Yanni Gourde wins face-off versus Christian Dvorak in Oilers zone.
10:41 of 2nd period - Icing by David Kampf.
10:42 of 2nd period - David Kampf wins face-off versus Alex Iafallo in Kings zone.
11:11 of 2nd period - Shot by Joe Pavelski.
11:11 of 2nd period - Stopped by Jordan Binnington with a rebound.
11:21 of 2nd period - Shot by William Karlsson.
11:21 of 2nd period - Shot Misses the Net.
11:23 of 2nd period - Shot by Brock Boeser.
11:23 of 2nd period - Stopped by Connor Hellebuyck without a rebound.
11:24 of 2nd period - John Tavares wins face-off versus Yanni Gourde in Oilers zone.
11:47 of 2nd period - Icing by Zdeno Chara.
11:48 of 2nd period - Yanni Gourde wins face-off versus Casey Cizikas in Kings zone.
11:59 of 2nd period - Shot by Tanner Pearson.
11:59 of 2nd period - Deflect By Yanni Gourde.
11:59 of 2nd period - Shot Misses the Net.
12:01 of 2nd period - Shot by Scott Mayfield.
12:01 of 2nd period - Shot Blocked by Mark Giordano.
12:04 of 2nd period - Minor Penalty to Mark Giordano for Hooking.
12:05 of 2nd period - Logan Couture wins face-off versus William Karlsson in Oilers zone.
12:21 of 2nd period - Shot by Zdeno Chara.
12:21 of 2nd period - Stopped by Connor Hellebuyck with a rebound.
12:23 of 2nd period - Shot by Zdeno Chara.
12:23 of 2nd period - Shot Misses the Net.
13:15 of 2nd period - Shot by Brock Boeser.
13:15 of 2nd period - Shot Misses the Net.
13:57 of 2nd period - Shot by Kyle Connor.
13:57 of 2nd period - Stopped by Connor Hellebuyck without a rebound.
13:58 of 2nd period - William Karlsson wins face-off versus Logan Couture in Oilers zone.
14:24 of 2nd period - Icing by Mark Giordano.
14:25 of 2nd period - Teddy Blueger wins face-off versus Joe Pavelski in Oilers zone.
14:54 of 2nd period - Shot by Teddy Blueger.
14:54 of 2nd period - Shot Blocked by Mark Giordano.
14:56 of 2nd period - Shot by Pierre-Edouard Bellemare.
14:56 of 2nd period - Deflect By Corey Perry.
14:56 of 2nd period - Shot Blocked by Keith Yandle.
15:21 of 2nd period - Shot by John Tavares.
15:21 of 2nd period - Stopped by Jordan Binnington with a rebound.
15:27 of 2nd period - Shot by Ryan Pulock.
15:27 of 2nd period - Shot Misses the Net.
15:29 of 2nd period - Shot by Logan Couture.
15:29 of 2nd period - Shot Blocked by Derek Forbort.
15:31 of 2nd period - Shot by Kevin Hayes.
15:31 of 2nd period - Shot Misses the Net.
15:33 of 2nd period - Shot by Kevin Hayes.
15:33 of 2nd period - Stopped by Jordan Binnington without a rebound.
15:34 of 2nd period - Casey Cizikas wins face-off versus Yanni Gourde in Kings zone.
16:08 of 2nd period - Icing by Mike Reilly.
16:09 of 2nd period - William Karlsson wins face-off versus Devin Shore in Oilers zone.
16:43 of 2nd period - Shot by Brock Boeser.
16:43 of 2nd period - Shot Misses the Net.
17:20 of 2nd period - Shot by Corey Perry.
17:20 of 2nd period - Stopped by Connor Hellebuyck without a rebound.
17:21 of 2nd period - Joe Pavelski wins face-off versus Yanni Gourde in Oilers zone.
17:23 of 2nd period - Mark Giordano is hit by Johnny Gaudreau and loses puck.
17:48 of 2nd period - Shot by Johnny Gaudreau.
17:48 of 2nd period - Shot Hit the Post.
17:50 of 2nd period - Shot by Yanni Gourde.
17:50 of 2nd period - Shot Misses the Net.
17:52 of 2nd period - Shot by Tanner Pearson.
17:52 of 2nd period - Stopped by Connor Hellebuyck without a rebound.
17:53 of 2nd period - Teddy Blueger wins face-off versus John Tavares in Oilers zone.
18:41 of 2nd period - Icing by Ryan Pulock.
18:42 of 2nd period - William Karlsson wins face-off versus John Tavares in Oilers zone.
19:04 of 2nd period - Off-side.
19:05 of 2nd period - Joe Pavelski wins face-off versus Yanni Gourde in neutral zone.
Goals for this period are 0 for Oilers vs 1 for Kings.
Shots for this period are 11 for Oilers vs 10 for Kings.

3rd period


0:01 of 3rd period - William Karlsson wins face-off versus John Tavares in neutral zone.
0:08 of 3rd period - Shot by Brock Boeser.
0:08 of 3rd period - Stopped by Connor Hellebuyck without a rebound.
0:09 of 3rd period - William Karlsson wins face-off versus John Tavares in Oilers zone.
0:18 of 3rd period - Shot by Shea Weber.
0:18 of 3rd period - Stopped by Connor Hellebuyck without a rebound.
0:19 of 3rd period - Yanni Gourde wins face-off versus Joe Pavelski in Oilers zone.
1:00 of 3rd period - Yanni Gourde is hit by Ryan Pulock and loses puck.
1:08 of 3rd period - Shea Weber is hit by Justin Faulk and loses puck.
1:35 of 3rd period - Icing by Ryan Pulock.
1:36 of 3rd period - David Kampf wins face-off versus Joe Pavelski in Oilers zone.
1:47 of 3rd period - Shot by Ryan Carpenter.
1:47 of 3rd period - Shot Misses the Net.
2:07 of 3rd period - Shot by Logan Couture.
2:07 of 3rd period - Stopped by Jordan Binnington without a rebound.
2:08 of 3rd period - William Karlsson wins face-off versus Christian Dvorak in Kings zone.
3:10 of 3rd period - Icing by Yanni Gourde.
3:11 of 3rd period - Yanni Gourde wins face-off versus Kevin Hayes in Kings zone.
3:11 of 3rd period - Yanni Gourde is hit by Kevin Hayes.
4:32 of 3rd period - Shot by Pierre-Edouard Bellemare.
4:32 of 3rd period - Stopped by Connor Hellebuyck without a rebound.
4:33 of 3rd period - William Karlsson wins face-off versus Joe Pavelski in Oilers zone.
5:33 of 3rd period - Icing by Keith Yandle.
5:34 of 3rd period - Yanni Gourde wins face-off versus Joe Pavelski in Oilers zone.
5:58 of 3rd period - John Tavares is hit by Shea Weber and loses puck.
6:11 of 3rd period - Shot by Johnny Gaudreau.
6:11 of 3rd period - Stopped by Connor Hellebuyck with a rebound.
6:19 of 3rd period - Shot by Yanni Gourde.
6:19 of 3rd period - Stopped by Connor Hellebuyck without a rebound.
6:20 of 3rd period - David Kampf wins face-off versus Christian Dvorak in Oilers zone.
7:19 of 3rd period - Shot by John Tavares.
7:19 of 3rd period - Stopped by Jordan Binnington without a rebound.
7:20 of 3rd period - John Tavares wins face-off versus Yanni Gourde in Kings zone.
7:33 of 3rd period - Shot by Kevin Hayes.
7:33 of 3rd period - Stopped by Jordan Binnington without a rebound.
7:34 of 3rd period - William Karlsson wins face-off versus Casey Cizikas in Kings zone.
7:34 of 3rd period - William Karlsson is hit by Casey Cizikas.
7:41 of 3rd period - Minor Penalty to Casey Cizikas for Slashing.
7:42 of 3rd period - William Karlsson wins face-off versus Logan Couture in Oilers zone.
8:03 of 3rd period - Justin Faulk is hit by William Karlsson and loses puck.
8:10 of 3rd period - Shot by Zdeno Chara.
8:10 of 3rd period - Stopped by Connor Hellebuyck without a rebound.
8:11 of 3rd period - Teddy Blueger wins face-off versus Kevin Hayes in Oilers zone.
8:14 of 3rd period - Shot by Scott Mayfield.
8:14 of 3rd period - Shot Blocked by Kevin Hayes.
8:16 of 3rd period - Shot by Scott Mayfield.
8:16 of 3rd period - Shot Misses the Net.
8:18 of 3rd period - Shot by Tanner Pearson.
8:18 of 3rd period - Shot Misses the Net.
8:20 of 3rd period - Shot by Teddy Blueger.
8:20 of 3rd period - Shot Misses the Net.
8:22 of 3rd period - Shot by Scott Mayfield.
8:22 of 3rd period - Stopped by Connor Hellebuyck with a rebound.
8:24 of 3rd period - Shot by Scott Mayfield.
8:24 of 3rd period - Shot Misses the Net.
8:26 of 3rd period - Shot by Scott Mayfield.
8:26 of 3rd period - Stopped by Connor Hellebuyck without a rebound.
8:27 of 3rd period - Logan Couture wins face-off versus William Karlsson in Oilers zone.
8:48 of 3rd period - Justin Faulk is hit by Johnny Gaudreau and loses puck.
8:55 of 3rd period - Shot by Kyle Connor.
8:55 of 3rd period - Stopped by Connor Hellebuyck without a rebound.
8:56 of 3rd period - Alex Iafallo wins face-off versus Teddy Blueger in Oilers zone.
9:25 of 3rd period - Shot by Shea Weber.
9:25 of 3rd period - Stopped by Connor Hellebuyck without a rebound.
9:26 of 3rd period - William Karlsson wins face-off versus Tyler Motte in Oilers zone.
9:27 of 3rd period - Shot by Johnny Gaudreau.
9:27 of 3rd period - Shot Misses the Net.
9:29 of 3rd period - Shot by Zach Werenski.
9:29 of 3rd period - Goal by Zach Werenski - Oilers : 0 - Kings : 3.
9:30 of 3rd period - David Kampf wins face-off versus John Tavares in neutral zone.
9:32 of 3rd period - Brock McGinn is hit by Kevin Hayes and loses puck.
9:39 of 3rd period - Derek Forbort is hit by Ryan Pulock.
9:50 of 3rd period - Andy Greene is hit by John Tavares and loses puck.
9:54 of 3rd period - Andy Greene is hit by Ryan Pulock and loses puck.
9:57 of 3rd period - Shot by Ryan Carpenter.
9:57 of 3rd period - Stopped by Connor Hellebuyck without a rebound.
9:58 of 3rd period - William Karlsson wins face-off versus Christian Dvorak in Oilers zone.
10:05 of 3rd period - Shot by Kyle Connor.
10:05 of 3rd period - Stopped by Connor Hellebuyck without a rebound.
10:06 of 3rd period - Christian Dvorak wins face-off versus William Karlsson in Oilers zone.
10:13 of 3rd period - Shot by Kyle Connor.
10:13 of 3rd period - Shot Misses the Net.
10:15 of 3rd period - Shot by Shea Weber.
10:15 of 3rd period - Shot Misses the Net.
10:17 of 3rd period - Shot by William Karlsson.
10:17 of 3rd period - Shot Misses the Net.
11:17 of 3rd period - Shot by Tanner Pearson.
11:17 of 3rd period - Stopped by Connor Hellebuyck without a rebound.
11:18 of 3rd period - Corey Perry wins face-off versus John Tavares in Oilers zone.
11:19 of 3rd period - Shot by Pierre-Edouard Bellemare.
11:19 of 3rd period - Shot Misses the Net.
11:21 of 3rd period - Shot by Andy Greene.
11:21 of 3rd period - Shot Blocked by John Tavares.
11:32 of 3rd period - Logan Couture is hit by Derek Forbort and loses puck.
11:50 of 3rd period - Shot by Pierre-Edouard Bellemare.
11:50 of 3rd period - Goal by Pierre-Edouard Bellemare - Oilers : 0 - Kings : 4.
11:51 of 3rd period - Joe Pavelski wins face-off versus Yanni Gourde in neutral zone.
11:51 of 3rd period - Joe Pavelski is hit by Yanni Gourde.
11:57 of 3rd period - Shot by Tomas Tatar.
11:57 of 3rd period - Stopped by Jordan Binnington without a rebound.
11:58 of 3rd period - William Karlsson wins face-off versus Joe Pavelski in Kings zone.
11:58 of 3rd period - Shea Weber is hit by Tomas Tatar.
12:32 of 3rd period - Shot by Alex Iafallo.
12:32 of 3rd period - Shot Blocked by Shea Weber.
12:39 of 3rd period - Kyle Connor is hit by Mike Reilly and loses puck.
12:53 of 3rd period - Johnny Gaudreau is hit by Mike Reilly and loses puck.
12:58 of 3rd period - Shot by Yanni Gourde.
12:58 of 3rd period - Stopped by Connor Hellebuyck without a rebound.
12:59 of 3rd period - Teddy Blueger wins face-off versus John Tavares in Oilers zone.
13:30 of 3rd period - Shot by Teddy Blueger.
13:30 of 3rd period - Stopped by Connor Hellebuyck without a rebound.
13:31 of 3rd period - Yanni Gourde wins face-off versus Casey Cizikas in Oilers zone.
14:00 of 3rd period - Shot by Devin Shore.
14:00 of 3rd period - Shot Misses the Net.
14:04 of 3rd period - Shot by Casey Cizikas.
14:04 of 3rd period - Shot Blocked by Zdeno Chara.
14:23 of 3rd period - Icing by Yanni Gourde.
14:24 of 3rd period - John Tavares wins face-off versus Yanni Gourde in Kings zone.
15:36 of 3rd period - Shot by Joe Pavelski.
15:36 of 3rd period - Shot Misses the Net.
15:38 of 3rd period - Shot by Tomas Tatar.
15:38 of 3rd period - Stopped by Jordan Binnington without a rebound.
15:39 of 3rd period - Pierre-Edouard Bellemare wins face-off versus Jordan Eberle in Kings zone.
16:02 of 3rd period - Shot by Christian Dvorak.
16:02 of 3rd period - Stopped by Jordan Binnington without a rebound.
16:03 of 3rd period - Joe Pavelski wins face-off versus William Karlsson in Kings zone.
16:07 of 3rd period - Icing by Brock Boeser.
16:08 of 3rd period - William Karlsson wins face-off versus John Tavares in Kings zone.
16:14 of 3rd period - Icing by Ryan Pulock.
16:15 of 3rd period - John Tavares wins face-off versus William Karlsson in Oilers zone.
16:24 of 3rd period - William Karlsson is hit by John Tavares and loses puck.
16:56 of 3rd period - Icing by Shea Weber.
16:57 of 3rd period - William Karlsson wins face-off versus Joe Pavelski in Kings zone.
17:19 of 3rd period - Mark Giordano is hit by William Karlsson and loses puck.
17:36 of 3rd period - Shot by Tanner Pearson.
17:36 of 3rd period - Shot Misses the Net.
17:38 of 3rd period - Shot by Zdeno Chara.
17:38 of 3rd period - Stopped by Connor Hellebuyck without a rebound.
17:39 of 3rd period - Casey Cizikas wins face-off versus Teddy Blueger in Oilers zone.
17:43 of 3rd period - Robby Fabbri is hit by Derek Forbort.
17:47 of 3rd period - Shot by Devin Shore.
17:47 of 3rd period - Shot Misses the Net.
18:08 of 3rd period - Shot by Andy Greene.
18:08 of 3rd period - Stopped by Connor Hellebuyck without a rebound.
18:09 of 3rd period - Yanni Gourde wins face-off versus John Tavares in Oilers zone.
18:53 of 3rd period - Logan Couture is hit by Zdeno Chara and loses puck.
19:00 of 3rd period - Scott Mayfield is hit by Kevin Hayes and loses puck.
19:12 of 3rd period - Icing by Ryan Pulock.
19:13 of 3rd period - William Karlsson wins face-off versus John Tavares in Oilers zone.
19:14 of 3rd period - Shot by Kyle Connor.
19:14 of 3rd period - Deflect By Brock Boeser.
19:14 of 3rd period - Stopped by Connor Hellebuyck without a rebound.
19:15 of 3rd period - Christian Dvorak wins face-off versus William Karlsson in Oilers zone.
19:51 of 3rd period - Shot by Jordan Eberle.
19:51 of 3rd period - Shot Misses the Net.
Goals for this period are 0 for Oilers vs 2 for Kings.
Shots for this period are 6 for Oilers vs 20 for Kings.